 Dungeon Crawl Stone Soup version 0.30-a0-778-g2ef04afb54 (webtiles) character file.

Game seed: 9639922980229977677

3105 Pooter the Cleaver (level 9, 0/74 HPs)
             Began as a Gnoll Wanderer on Feb 16, 2023.
             Was a Follower of Okawaru.
             Succumbed to a gnoll sergeant's poison
             ... on level 8 of the Dungeon on Feb 17, 2023.
             The game lasted 00:55:49 (8226 turns).

Pooter the Cleaver (Gnoll Wanderer)                 Turns: 8226, Time: 00:55:50

Health: 0/74       AC:  2    Str: 13    XL:     9   Next: 90%
Magic:  15/17      EV: 23    Int: 11    God:    Okawaru [*.....]
Gold:   204        SH:  0    Dex: 20    Spells: 2/19 levels left

rFire   . . .      SeeInvis .      - Unarmed
rCold   . . .      Faith    .    (shield currently unavailable)
rNeg    + . .      Spirit   .    (body armour currently unavailable)
rPois   x          Reflect  .    (helmet currently unavailable)
rElec   .          Harm     .    (cloak currently unavailable)
rCorr   .          Rampage  .    (gloves currently unavailable)
Will    .....                    (boots currently unavailable)
Stlth   +++                      (no amulet)
HPRegen 0.32/turn                N - ring of positive energy
MPRegen 0.15/turn                (no ring)

@: lethally poisoned (0 -> -48), spider-form (expiring)
A: venomous fangs, tiny, (fangs 1), strong nose, distributed training
a: End Transformation, Renounce Religion, Heroism


You were on level 8 of the Dungeon.
You worshipped Okawaru.
Okawaru was aware of your devotion.
You were a venomous arachnid creature.
You visited 2 branches of the dungeon, and saw 9 of its levels.

You collected 509 gold pieces.
You spent 305 gold pieces at shops.

Inventory:

Hand Weapons
 a - a +0 war axe
   (You took it off an orc on level 4 of the Dungeon)
 b - a +0 arbalest (melded)
   (You took it off an orc warrior on level 6 of the Dungeon)
 g - a +1 whip of venom
   (You found it on level 1 of the Dungeon)
 i - a +0 lajatang
   (You found it on level 5 of the Dungeon)
 p - a +0 flail
   (You found it on level 2 of the Dungeon)
 w - a +0 trident
   (You took it off a kobold on level 3 of the Dungeon)
 C - a +0 hand axe
 I - a +0 morningstar
   (You took it off an orc on level 3 of the Dungeon)
 L - a +3 scimitar of flaming
   (You took it off Maggie on level 8 of the Dungeon)
 M - a +0 sling
   (You found it on level 1 of the Dungeon)
 P - a +2 shortbow of freezing
   (You took it off a centaur on level 7 of the Dungeon)
Missiles
 c - 30 poisoned darts (quivered)
 G - a curare-tipped dart
 H - 2 boomerangs
 J - a throwing net {!f}
 Q - 120 stones
Armour
 d - a +0 robe
 j - an orb of light
   (You found it on level 1 of the Dungeon)
 n - a +0 cloak (melded)
 r - a +1 ring mail of fire resistance
   (You found it on level 2 of the Dungeon)
 u - a +0 buckler
   (You found it on level 2 of the Dungeon)
 v - a +0 pair of boots (melded)
   (You found it on level 2 of the Dungeon)
 D - a +0 helmet (melded)
   (You took it off Robin on level 3 of the Dungeon)
 R - a +3 plate armour
   (You took it off a kobold on level 6 of the Dungeon)
 T - +0 steam dragon scales (melded)
   (You took it off Maggie on level 8 of the Dungeon)
Magical Staves
 s - a staff of fire
   (You found it on level 1 of the Dungeon)
Jewellery
 N - a ring of positive energy (left front pincers)
   (You found it on level 4 of the Dungeon)
Wands
 f - a wand of flame (38)
   (You found it on level 2 of the Dungeon)
Scrolls
 k - 3 scrolls of vulnerability {!r}
 l - 3 scrolls of blinking
 x - a scroll of amnesia
 y - 2 scrolls of immolation {!r}
 B - a scroll of fog
 O - a scroll of fear
 S - a scroll of silence
Potions
 e - a potion of degeneration {!q}
 h - 2 potions of attraction {!q}
 m - 2 potions of flight
 o - a potion of magic {unknown}
 q - a potion of resistance
 t - a potion of haste {@q3}
 z - 2 potions of brilliance
 A - a potion of berserk rage {unknown}
 E - 3 potions of curing {@q1}
 F - a potion of lignification {unknown}
 K - 2 potions of heal wounds {@q2}


   Skills:
 + Level 8.2 Fighting
 + Level 4.9 Short Blades
 + Level 4.9 Long Blades
 + Level 8.2 Axes
 + Level 4.9 Maces & Flails
 + Level 4.9 Polearms
 + Level 4.9 Staves
 + Level 4.9 Ranged Weapons
 + Level 4.9 Throwing
 + Level 4.9 Armour
 + Level 5.6 Dodging
 + Level 4.9 Stealth
 + Level 4.9 Shields
 + Level 4.9 Unarmed Combat
 + Level 5.7 Spellcasting
 + Level 4.0 Conjurations
 + Level 4.0 Hexes
 + Level 4.0 Summonings
 + Level 4.0 Necromancy
 + Level 5.6 Translocations
 + Level 4.0 Transmutations
 + Level 4.0 Fire Magic
 + Level 4.0 Ice Magic
 + Level 4.0 Air Magic
 + Level 4.0 Earth Magic
 + Level 4.0 Poison Magic
 + Level 5.3 Invocations
 + Level 4.9 Evocations


You had 2 spell levels left.
You knew the following spells:

 Your Spells              Type           Power      Damage    Failure   Level
a - Portal Projectile     Hex/Tloc       26%        N/A       22%         3
b - Blink                 Tloc           30%        N/A       11%         2
c - Apportation           Tloc           30%        N/A       8%          1
d - Ensorcelled Hibernat  Hex/Ice        24%        N/A       17%         2
e - Tukima's Dance        Hex            12%        N/A       28%         3
f - Stone Arrow           Conj/Erth      24%        3d8       28%         3
x - Spider Form           Tmut/Pois      12%        N/A       28%         3

Your spell library contained the following spells:

 Spells                   Type           Power      Damage    Failure   Level
 Lesser Beckoning         Tloc           30%        N/A       11%         2
 Sandblast                Erth           24%        2d8       12%         1
 Momentum Strike          Conj/Tloc      26%        3d8       13%         2
 Passwall                 Tmut/Erth      10%        N/A       17%         2
 Wereblood                Tmut           12%        N/A       17%         2
 Passage of Golubria      Tloc           15%        N/A       41%         4
 Anguish                  Hex/Necr       6%         N/A       58%         4
 Blade Hands              Tmut           6%         N/A       87%         5
 Dragon Form              Tmut           6%         N/A       100%        7
 Necromutation            Tmut/Necr      6%         N/A       100%        8


Dungeon Overview and Level Annotations

Branches:
Dungeon (8/15)             Temple (1/1) D:7
   Lair: D:8-11

Altars:
Ashenzari
Cheibriados
Fedhas
Hepliaklqana
Kikubaaqudgha
Makhleb
Nemelex Xobeh
Okawaru
Ru
Uskayaw
Wu Jian
Xom
The Shining One

Shops:
D:5 *


Innate Abilities, Weirdness & Mutations

You are a venomous arachnid creature.
You have venomous fangs.
You are tiny and dextrous.
Your spellcasting is less reliable in this form.
Your armour is entirely melded.
You are incapable of wielding weapons or throwing items.
((You have very sharp teeth.))
Your uncanny sense of smell can sniff out nearby items.
Your experience applies equally to all skills.


Message History

You shoot a bolt. The bolt hits the gnoll sergeant.
You shoot a bolt. The bolt closely misses the gnoll.
A gnoll comes into view. It is wielding a +0 flail.
You turn into a venomous arachnid creature.
Your +0 arbalest melds into your body.
Your +0 cloak melds into your body.
Your +0 helmet melds into your body.
Your +0 pair of boots melds into your body.
Your +0 steam dragon scales melds into your body.
The gnoll sergeant closely misses you.
A gnoll comes into view. It is wielding a +0 whip.
A gnoll comes into view. It is wielding a +0 whip.
The gnoll shouts!
You hit the gnoll sergeant but do no damage.
The gnoll sergeant is poisoned.
The gnoll sergeant completely misses you.
The gnoll misses you.
You hit the gnoll sergeant but do no damage.
The gnoll sergeant barely misses you. The gnoll hits you with a +0 flail!
You hit the gnoll sergeant but do no damage.
The gnoll sergeant hits you with a +1 spear of venom!
You are poisoned.
The gnoll completely misses you.
You hit the gnoll.
You feel very sick.
The gnoll sergeant hits you with a +1 spear of venom!
The gnoll barely misses you.
You hit the gnoll.
You feel very sick. The gnoll sergeant misses you.
The gnoll closely misses you.
You bite the gnoll!
You kill the gnoll!
Okawaru accepts your kill.
You feel sick.
The gnoll sergeant completely misses you.
You hit the gnoll.
You feel sick.
The gnoll sergeant hits you with a +1 spear of venom!
* * * LOW HITPOINT WARNING * * *
You are lethally poisoned!
The gnoll completely misses you.
You hit the gnoll sergeant but do no damage.
The gnoll sergeant looks even sicker.
* * * LOW HITPOINT WARNING * * *
You feel extremely sick.
The gnoll sergeant hits you with a +1 spear of venom!
* * * LOW HITPOINT WARNING * * *
You are more poisoned.
The gnoll completely misses you.
You barely miss the gnoll.
Your transformation is almost over.
You die...

,,,,,,,,,,,,,,******,,,,*
*******,,,**********,,∆∆* *,,,*
*,∆,,,,,,***
***,,.****,*******,,*
**,,,,..#,,,*####*,,,*
***,,*,,....***#..,,,∆.*
**,,,**,,...)>###.#***.#*
*,,*******,*#gggg:####.###
,,**,,,,,,,****#s........#
,**,,******* #.........# ,,,,**
###.........##****** *****
#...../.......,,,,,* *
#.##...............# *
##.##..<............# *
#...................#
******#######..##.<.............#
,..............##.....>....!..).#


You could see a gnoll sergeant (very poisoned) and 3 gnolls.

Vanquished Creatures
  Maggie (D:8)
  3 water moccasins
  Duvessa (D:7)
  An ice beast (D:6)
  2 orc warriors
  An ogre (D:5)
  3 centaurs
  2 kobold brigands
  3 necrophages
  A bullfrog (D:7)
  A gnoll sergeant (D:8)
  2 scorpions
  Dowan (D:7)
  3 howler monkeys (D:7)
  6 hounds
  3 orc priests
  A gnoll bouda (D:8)
  6 iguanas
  8 orc wizards
  Robin (D:3)
  10 gnolls
  7 adders
  A river rat (D:5)
  A shadow imp (D:5)
  A white imp (D:6)
  An ufetubus (D:5)
  A worm (D:4)
  3 dart slugs
  27 orcs
  8 ball pythons
  6 bats
  8 endoplasms
  7 giant cockroaches
  9 hobgoblins
  13 jackals
  2 quokkas
  12 goblins
  12 kobolds
  10 rats
189 creatures vanquished.

Vanquished Creatures (collateral kills)
  A kobold brigand (D:5)
  5 kobolds (D:5)
6 creatures vanquished.

Vanquished Creatures (others)
  7 plants
7 creatures vanquished.

Grand Total: 202 creatures vanquished

Notes
Turn   | Place    | Note
-------+----------+-------------------------------------------
     0 | D:1      | Pooter the Gnoll Wanderer began the quest for the Orb.
     0 | D:1      | Pooter set off with the following items: a +0 hand axe, a
                  | +0 cloak, a +0 robe, a scroll of teleportation {@r4}; and
                  | the following spell memorised: Apportation; and the
                  | following spells available to memorise: Portal Projectile,
                  | Passage of Golubria.
     0 | D:1      | Reached XP level 1. HP: 23/23 MP: 4/4
    90 | D:1      | Reached XP level 2. HP: 27/29 MP: 5/5
   452 | D:1      | Reached XP level 3. HP: 35/35 MP: 7/7
   879 | D:1      | Reached skill level 1 in Invocations
   997 | D:2      | Reached skill level 1 in Short Blades
   997 | D:2      | Reached skill level 1 in Long Blades
   997 | D:2      | Reached skill level 1 in Maces & Flails
   997 | D:2      | Reached skill level 1 in Polearms
   997 | D:2      | Reached skill level 1 in Staves
   997 | D:2      | Reached skill level 1 in Ranged Weapons
   997 | D:2      | Reached skill level 1 in Throwing
   997 | D:2      | Reached skill level 1 in Armour
   997 | D:2      | Reached skill level 1 in Stealth
   997 | D:2      | Reached skill level 1 in Shields
   997 | D:2      | Reached skill level 1 in Unarmed Combat
   997 | D:2      | Reached skill level 1 in Evocations
  1008 | D:2      | Found a faded altar of an unknown god.
  1136 | D:2      | Learned a level 3 spell: Portal Projectile
  1182 | D:2      | Reached XP level 4. HP: 41/41 MP: 8/8
  1597 | D:3      | Reached skill level 1 in Conjurations
  1597 | D:3      | Reached skill level 1 in Hexes
  1597 | D:3      | Reached skill level 1 in Summonings
  1597 | D:3      | Reached skill level 1 in Necromancy
  1597 | D:3      | Reached skill level 1 in Transmutations
  1597 | D:3      | Reached skill level 1 in Fire Magic
  1597 | D:3      | Reached skill level 1 in Ice Magic
  1597 | D:3      | Reached skill level 1 in Air Magic
  1597 | D:3      | Reached skill level 1 in Earth Magic
  1597 | D:3      | Reached skill level 1 in Poison Magic
  1691 | D:3      | Learned a level 2 spell: Blink
  1963 | D:3      | Reached XP level 5. HP: 47/47 MP: 9/9
  2101 | D:3      | Noticed Robin
  2110 | D:3      | Killed Robin
  2538 | D:4      | Reached XP level 6. HP: 43/53 MP: 9/11
  3054 | D:4      | Found a blossoming altar of Fedhas.
  3054 | D:4      | Found a hide-covered altar of Uskayaw.
  3263 | D:4      | Learned a level 3 spell: Spider Form
  3266 | D:4      | Learned a level 2 spell: Ensorcelled Hibernation
  3288 | D:5      | Entered Level 5 of the Dungeon
  3339 | D:5      | Reached XP level 7. HP: 24/60 MP: 12/12
  3755 | D:5      | Found Ylisaplo's General Store.
  3770 | D:5      | Bought a potion of curing for 39 gold pieces
  3770 | D:5      | Bought a scroll of fog for 52 gold pieces
  3770 | D:5      | Bought a scroll of teleportation for 39 gold pieces
  3770 | D:5      | Bought a scroll of identify for 26 gold pieces
  3770 | D:5      | Bought a potion of might for 52 gold pieces
  3770 | D:5      | Bought a scroll of blinking for 97 gold pieces
  3942 | D:5      | Reached XP level 8. HP: 43/66 MP: 14/14
  4038 | D:5      | Learned a level 3 spell: Tukima's Dance
  5637 | D:6      | Reached skill level 5 in Translocations
  5773 | D:6      | Reached XP level 9. HP: 28/73 MP: 16/16
  5783 | D:6      | Reached skill level 5 in Spellcasting
  6347 | D:7      | Reached skill level 5 in Dodging
  6385 | D:7      | Found a staircase to the Ecumenical Temple.
  6412 | Temple   | Entered the Ecumenical Temple
  6450 | Temple   | Became a worshipper of Warmaster Okawaru
  6779 | D:7      | Noticed Duvessa
  6783 | D:7      | Noticed Dowan
  6785 | D:7      | Killed Duvessa
  6786 | D:7      | Killed Dowan
  6903 | D:7      | Got the Octavo of the Gestalt
  6965 | D:7      | Found an ornate altar of the Wu Jian Council.
  6969 | D:7      | Found a sacrificial altar of Ru.
  6974 | D:7      | Found a burning altar of Makhleb.
  7282 | D:7      | Reached skill level 5 in Invocations
  8080 | D:8      | Noticed Maggie
  8087 | D:8      | Killed Maggie
  8087 | D:8      | Reached * piety under Okawaru
  8194 | D:8      | Learned a level 3 spell: Stone Arrow
  8226 | D:8      | Succumbed to a gnoll sergeant's poison

Illustrated notes

Levels and vault maps discovered:
D:1:      sevenhm_arrival_forest_fort_large_2, layout_basic
D:2:      wander_river, layout_basic, hellmonk_ecumenical_altar_lost_god
D:3:      layout_loops_ring, uniq_robin
D:4:      cheibrodos_old_hovel, layout_basic,
          gammafunk_temple_overflow_elements, minmay_stone_trees_small,
          nicolae_titane
D:5:      layout_loops_ring, portal_sewer_entry_b, serial_shops,
          kennysheep_little_box, minmay_misc_feat_square,
          minmay_fractal_squares_diagonal_5
D:6:      layout_loops_cross, minmay_tree_intersection
D:7:      layout_basic, grunt_temple_overflow_diamond, minmay_temple_entry_grid,
          serial_bayou_crossing, uniq_duvessa
D:8:      layout_rooms, uniq_maggie
Temple:   bh_familiar_temple

Skill      XL: |  1  2  3  4  5  6  7  8  9 |
---------------+----------------------------+-----
Invocations    | 1 2 3 4 5 |  5.3
Short Blades   | 1 2 3 4 |  4.9
Long Blades    | 1 2 3 4 |  4.9
Maces & Flails | 1 2 3 4 |  4.9
Polearms       | 1 2 3 4 |  4.9
Staves         | 1 2 3 4 |  4.9
Ranged Weapons | 1 2 3 4 |  4.9
Throwing       | 1 2 3 4 |  4.9
Armour         | 1 2 3 4 |  4.9
Stealth        | 1 2 3 4 |  4.9
Shields        | 1 2 3 4 |  4.9
Unarmed Combat | 1 2 3 4 |  4.9
Evocations     | 1 2 3 4 |  4.9
Spellcasting   | 3 4 5 |  5.7
Conjurations   | 1 2 3 4 |  4.0
Hexes          | 1 2 3 4 |  4.0
Summonings     | 1 2 3 4 |  4.0
Necromancy     | 1 2 3 4 |  4.0
Transmutations | 1 2 3 4 |  4.0
Fire Magic     | 1 2 3 4 |  4.0
Ice Magic      | 1 2 3 4 |  4.0
Air Magic      | 1 2 3 4 |  4.0
Earth Magic    | 1 2 3 4 |  4.0
Poison Magic   | 1 2 3 4 |  4.0
Dodging        | 3 4 5 |  5.6
Translocations | 4 5 |  5.6
Fighting       | 7 8 |  8.2
Axes           | 7 8 |  8.2

Action                     |  1- 3 |  4- 6 |  7- 9 || total
---------------------------+-------+-------+-------++-------
  Melee: Hand axe          |    47 |    34 |       ||    81
         Bite              |     8 |    17 |    41 ||    66
         Whip              |    43 |    12 |       ||    55
         Morningstar       |       |    73 |       ||    73
         War axe           |       |    17 |   137 ||   154
         Lajatang          |       |       |   169 ||   169
         Punch             |       |       |     4 ||     4
         Unarmed           |       |       |     9 ||     9
   Fire: Sling             |    18 |    70 |       ||    88
         Shortbow          |       |       |    30 ||    30
         Arbalest          |       |       |    22 ||    22
  Throw: Dart              |     2 |       |    13 ||    15
   Cast: Spider Form       |       |       |     1 ||     1
  Evoke: Wand              |       |    12 |    21 ||    33
    Use: Scroll            |       |     7 |    13 ||    20
         Potion            |       |     2 |     3 ||     5
   Stab: Sleeping          |       |       |     1 ||     1
 Armour: Robe              |    31 |     5 |    25 ||    61
         Ring mail         |       |    65 |       ||    65
         Plate armour      |       |       |   278 ||   278
  Dodge: Dodged            |    85 |   108 |   143 ||   336
  Block: Buckler           |       |    39 |       ||    39

Table legend: (Time is in decaauts)
 A = Elapsed time spent in this place.
 B = Non-inter-level travel time spent in this place.
 C = Inter-level travel time spent in this place.
 D = Time resting spent in this place.
 E = Time spent auto-exploring this place.
 F = Levels seen in this place.
 G = Mean time per level.
                   A        B        C        D        E       F      G
               +--------+--------+--------+--------+--------+-----+--------+
         Total |   8379 |   8053 |    326 |   2005 |   3913 |   9 |  931.0 |
       Dungeon |   8290 |   7995 |    295 |   2005 |   3861 |   8 | 1036.2 |
        Temple |     89 |     58 |     31 |      0 |     52 |   1 |   89.0 |
               +--------+--------+--------+--------+--------+-----+--------+

Top non-repeatable levels by time:
     D:6: 1606 daAuts
     D:5: 1496 daAuts
     D:4: 1030 daAuts
     D:7: 926 daAuts
     D:8: 921 daAuts
     D:1: 914 daAuts
     D:3: 750 daAuts
     D:2: 644 daAuts
  Temple: 89 daAuts
